 Dungeon Crawl Stone Soup version 0.32-a0-607-g64ea0e4 (webtiles) character file.

Game seed: 13805036229068714515

8984 LoveShapeshifting the Mimic (level 11, -1/104 HPs)
             Began as a Naga Berserker on Mar 3, 2024.
             Was a Priest of Trog.
             Slain by a two-headed ogre
             ... wielding a +0 giant club
              (9 damage)
             ... on level 9 of the Dungeon.
             The game lasted 00:20:51 (12145 turns).

LoveShapeshifting the Mimic (Naga Berserker)       Turns: 12145, Time: 00:20:52

Health: -1/104     AC:  8    Str: 21    XL:     11   Next: 39%
Magic:  11/11      EV: 10    Int:  7    God:    Trog [***...]
Gold:   342        SH:  0    Dex: 14    Spells: 10/10 levels left

rFire   + . .        a - +11 long sword "Wuveriro" {drain, rCorr SInv}
rCold   . . .        (no shield)
rNeg    . . .        z - melded +0 steam dragon scales
rPois   +            b - +1 hat {SInv}
rElec   .            j - +0 cloak
rCorr   +            F - +2 pair of gloves
SInv    +            (no barding)
Will    +....        (no amulet)
Stlth   ++++         E - ring of protection from fire
HPRegen 0.37/turn    (no ring)
MPRegen 0.12/turn

%: no passive effects
@: maw-form, on berserk cooldown, slowed, very slow
A: devouring maw, AC +3, large, see invisible, deformed body, poison resistance,
slowness 2, spit poison 1, naga tail 1
a: Spit Poison, Begin Untransformation, Renounce Religion, Berserk, Trog's Hand


You were on level 9 of the Dungeon.
You worshipped Trog.
Trog was most pleased with you.
You were a creature with a mouth for a stomach.
You visited 2 branches of the dungeon, and saw 11 of its levels.
You also visited: Sewer.

You collected 600 gold pieces.
You spent 258 gold pieces at shops.

Inventory:

Hand Weapons
 a - the +11 long sword "Wuveriro" (weapon) {drain, rCorr SInv}
   (You found it on level 9 of the Dungeon)

   SInv:      It lets you see invisible.
   rCorr:     It protects you from acid and corrosion.
Missiles
 p - a throwing net
 J - 13 poisoned darts
Armour
 b - a +1 hat of see invisible (worn)
 j - a +0 cloak (worn)
 s - a +0 troll leather armour {Pargi}
 z - +0 steam dragon scales (melded)
 F - a +2 pair of gloves (worn)
Jewellery
 E - a ring of protection from fire (left hand)
Talismans
 l - a beast talisman
 n - a maw talisman (active)
 B - a storm talisman
 H - a maw talisman (active)
Wands
 c - a wand of charming (7)
 i - a wand of digging (4)
 o - a wand of roots (5) (quivered)
Scrolls
 d - a scroll of amnesia
 e - 3 scrolls of revelation
 g - 4 scrolls of teleportation
 h - a scroll of acquirement
 k - 2 scrolls of fog {unknown}
 r - 2 scrolls of blinking {unknown}
 w - 2 scrolls of fear {unknown}
 y - 2 scrolls of immolation
 A - 2 scrolls of noise {unknown}
 D - a scroll of poison {unknown}
 I - a scroll of enchant armour {unknown}
Potions
 f - a potion of cancellation
 m - a potion of curing
 q - a potion of ambrosia
 t - a potion of brilliance
 u - 2 potions of haste
 v - 3 potions of might
 x - 4 potions of enlightenment
 C - a potion of attraction
 G - a potion of lignification
 K - 2 potions of mutation
 L - a potion of berserk rage


   Skills:
 + Level 8.4 Fighting
 - Level 1.5 Armour
 - Level 1.5 Dodging
 - Level 9.0 Stealth
 - Level 6.0 Unarmed Combat
 * Level 12.4 Shapeshifting


You had 10 spell levels left.
You didn't know any spells.
Your spell library contained the following spells:

 Spells                   Type           Power      Damage    Failure   Level
 Magic Dart               Conj           0%         1d3       43%         1
 Blink                    Tloc           0%         N/A       56%         2
 Call Imp                 Summ           0%         N/A       56%         2


Dungeon Overview and Level Annotations

Branches:
Dungeon (10/15) Zot: 26987  Temple (1/1) D:5 Zot: 5998    Lair (0/5) D:8
  Sewer (visited)
    Orc: D:9-12

Altars:
Ashenzari
Cheibriados
Dithmenos
Elyvilon
Fedhas
Gozag
Hepliaklqana
Kikubaaqudgha
Makhleb
Nemelex Xobeh
Okawaru
Qazlal
Ru
Sif Muna
Trog
Uskayaw
Vehumet
Wu Jian
Xom
Yredelemnul
The Shining One
Beogh

Shops:
D:4 ?   D:9 (

Annotations:
D:4 3 runed translucent doors, tlatlagkaus's ghost, amateur OpSh
D:8 1 runed translucent door, binmo's ghost, novice MiFi


Innate Abilities, Weirdness & Mutations

You are a creature with a mouth for a stomach.
Your midsection houses a second, enormous mouth.
Your serpentine skin is tough. (AC +3)
You have supernaturally acute eyesight. (SInv)
Armour fits poorly on your strangely shaped body.
Your system is resistant to poisons. (rPois)
You cover ground very slowly.
You can spit poison.
You have a snake-like lower body.


Message History

The two-headed ogre hits you with a +0 giant club!!
The two-headed ogre closely misses you.
You take 46 HP, and have [69/145] HP !!!!!
HP Warning !!!!!
You slice the two-headed ogre!! You drain the two-headed ogre!
You kill the two-headed ogre!
Trog accepts your kill.
An orc wizard comes into view. It is wielding a +0 dagger.
A yak comes into view.
Your life force feels restored.
You slash the two-headed ogre! Your bite misses the two-headed ogre.
The two-headed ogre is moderately wounded.
The two-headed ogre hits you with a +0 giant club!!
The two-headed ogre barely misses you.
You take 18 HP, and have [52/156] HP You climb upwards.
You feel a strong urge to attack something.
There is a stone staircase leading down here.
You barely miss the two-headed ogre. Your bite misses the two-headed ogre.
The two-headed ogre is moderately wounded.
The two-headed ogre hits you with a +0 giant club!!
* * * LOW HITPOINT WARNING * * *
The two-headed ogre completely misses you.
You take 27 HP, and have [26/156] HP You slice the two-headed ogre!!
You bite the two-headed ogre.
The two-headed ogre is severely wounded.
You are no longer berserk.
You are exhausted.
You feel yourself slow down.
The two-headed ogre hits you but does no damage.
The two-headed ogre hits you with a +0 giant club!
* * * LOW HITPOINT WARNING * * *
Now you have [7/104] HP Throw: 2 throwing nets
Press: ? - help, Q - select action, (/) - cycle Shift-Dir - straight line, f - two-headed ogre
Aim: a two-headed ogre, wielding two +0 giant clubs (severely wounded, 75% to hit)
You throw a throwing net.
The throwing net completely misses the two-headed ogre.
The two-headed ogre hits you with a +0 giant club!
You die...

#################################
.................................
#..#..#..##................#....#
.................................
.....################...####...##
.....# #......# #.#.# #.#.'.
.....# ##'###########...# #...##
#....# #.(.....OW......## #.....
#.##.# #..#....#..#..#.# #.#..#
#....###...............# #.....
#.......####'############# ######
'.....#.#........<...#...#
#.....#.#............#...#
#.....#.#...........###)#########
#.......##########..#............
..###............#..#.##..###....


You could see a two-headed ogre.

Vanquished Creatures
  Gastronok (D:8)
  A two-headed ogre (D:10)
  A manticore (D:9)
  Maggie (D:6)
  Sigmund (D:3)
  A yak (D:8)
  A vampire (D:9)
  2 wyverns
  A wraith (D:9)
  A steam dragon (D:7)
  Menkaure (D:4)
  Edmund (D:4)
  5 water moccasins
  Pargi (Sewer)
  2 orc warriors (D:8)
  2 sky beasts
  4 ice beasts
  6 black bears
  3 ogres
  2 centaurs (D:9)
  A brain worm (Sewer)
  2 kobold brigands
  6 bullfrogs
  2 scorpions
  22 wights
  6 killer bees
  4 howler monkeys
  A jelly (D:6)
  3 hounds
  6 orc priests
  Jessica (D:2)
  5 orc wizards
  4 iguanas (D:5)
  11 gnolls
  7 adders
  A river rat (D:4)
  A shadow imp (D:6)
  5 white imps
  4 ufetubi
  2 dart slugs
  A ribbon worm (D:4)
  19 orcs
  11 endoplasms
  5 giant cockroaches
  6 goblins
  8 hobgoblins
  16 kobolds
  6 quokkas
  14 ball pythons
  5 bats
  10 frilled lizards
  9 rats
242 creatures vanquished.

Notes
Turn   | Place    | Note
-------+----------+-------------------------------------------
     0 | D:1      | LoveShapeshifting the Naga Berserker began the quest for
                  | the Orb.
     0 | D:1      | Reached XP level 1. HP: 21/21 MP: 1/1
   108 | D:1      | Reached skill level 1 in Stealth
   108 | D:1      | Reached XP level 2. HP: 28/28 MP: 2/2
   115 | D:1      | You fall into a shaft and drop 1 floor!
   426 | D:1      | Reached XP level 3. HP: 31/34 MP: 3/3
  1280 | D:2      | Reached XP level 4. HP: 42/42 MP: 4/4
  1787 | D:2      | Reached ** piety under Trog
  1852 | D:2      | Noticed Jessica
  1865 | D:2      | Killed Jessica
  1866 | D:2      | Reached XP level 5. HP: 33/50 MP: 5/5
  1974 | D:2      | Reached skill level 5 in Stealth
  2396 | D:3      | Noticed a black bear
  2414 | D:3      | Killed a black bear
  2415 | D:3      | Reached skill level 1 in Shapeshifting
  2415 | D:3      | Reached XP level 6. HP: 9/57 MP: 6/6
  2602 | D:3      | Found a shimmering altar of Xom.
  2660 | D:3      | Noticed Sigmund
  2672 | D:3      | Killed Sigmund
  2673 | D:3      | Reached skill level 2 in Shapeshifting
  2933 | D:3      | Reached XP level 7. HP: 61/66 MP: 7/7
  3183 | D:3      | Found a faded altar of an unknown god.
  3334 | D:4      | Noticed Menkaure
  3340 | D:4      | Killed Menkaure
  3341 | D:4      | Reached skill level 3 in Shapeshifting
  3399 | D:4      | Found a glowing drain.
  3411 | Sewer    | Entered a sewer
  3436 | Sewer    | Noticed Pargi
  3448 | Sewer    | Killed Pargi
  3449 | Sewer    | Reached skill level 5 in Fighting
  3728 | D:4      | Found Kuil's Magic Scroll Shop.
  3738 | D:4      | Reached skill level 5 in Unarmed Combat
  3738 | D:4      | Reached skill level 4 in Shapeshifting
  3738 | D:4      | Reached XP level 8. HP: 74/74 MP: 8/8
  3773 | D:4      | Bought 3 scrolls of identify for 72 gold pieces
  3773 | D:4      | Bought a scroll of identify for 24 gold pieces
  3773 | D:4      | Bought a scroll of identify for 24 gold pieces
  3773 | D:4      | Bought a scroll of revelation for 90 gold pieces
  3817 | D:4      | Found a runed translucent gate.
  3817 | D:4      | Identified the +5 short sword "Rasubb" {freeze, rN++ Will++
                  | Stlth-}
  3818 | D:4      | Found a runed translucent gate.
  3818 | D:4      | Noticed tlatlagkaus's ghost (amateur OpSh)
  3819 | D:4      | Found a runed translucent gate.
  3923 | D:4      | Reached *** piety under Trog
  4017 | D:4      | Noticed Edmund
  4036 | D:4      | Killed Edmund
  4105 | D:4      | Found a blossoming altar of Fedhas.
  4303 | D:4      | Found a roughly hewn altar of Beogh.
  4352 | D:4      | Bought a scroll of amnesia for 48 gold pieces
  4376 | D:5      | Entered Level 5 of the Dungeon
  4389 | D:5      | Found a staircase to the Ecumenical Temple.
  4396 | Temple   | Entered the Ecumenical Temple
  4420 | D:5      | Reached skill level 5 in Shapeshifting
  4768 | D:5      | Found a white marble altar of Elyvilon.
  4931 | D:5      | Reached XP level 9. HP: 68/82 MP: 9/9
  5016 | D:5      | Reached skill level 6 in Shapeshifting
  6131 | D:6      | Reached skill level 7 in Shapeshifting
  6395 | D:6      | Found a basalt altar of Yredelemnul.
  6666 | D:6      | Noticed Maggie
  6688 | D:6      | Killed Maggie
  6689 | D:6      | Reached skill level 8 in Shapeshifting
  7169 | D:7      | Reached skill level 9 in Shapeshifting
  7220 | D:7      | Reached XP level 10. HP: 76/91 MP: 10/10
  7891 | D:7      | Found a radiant altar of Vehumet.
  8230 | D:8      | Reached skill level 10 in Shapeshifting
  8782 | D:8      | Found a staircase to the Lair.
  9235 | D:8      | Found a sacrificial altar of Ru.
  9236 | D:8      | Found a shimmering blue altar of Sif Muna.
  9338 | D:8      | Noticed Gastronok
  9446 | D:8      | Killed Gastronok
  9447 | D:8      | Reached skill level 11 in Shapeshifting
  9645 | D:8      | Found a runed translucent door.
  9645 | D:8      | Noticed a deep elf pyromancer
  9645 | D:8      | Noticed binmo's ghost (novice MiFi)
  9820 | D:8      | Reached XP level 11. HP: 71/100 MP: 11/11
 10870 | D:9      | Identified the +11 long sword "Wuveriro" {drain, rCorr
                  | SInv}
 10947 | D:9      | Noticed a manticore
 10951 | D:9      | Killed a manticore
 11137 | D:9      | Reached skill level 12 in Shapeshifting
 11592 | D:9      | Identified a scroll of acquirement
 11874 | D:9      | Found Veseorex's Weapon Shop.
 12133 | D:10     | Entered Level 10 of the Dungeon
 12133 | D:10     | Noticed a two-headed ogre
 12133 | D:10     | Noticed a two-headed ogre
 12139 | D:10     | Killed a two-headed ogre
 12145 | D:9      | Slain by a two-headed ogre

Illustrated notes

Levels and vault maps discovered:
D:1:      spicycebolla_arrival_clurvy, layout_basic, serial_glass,
          glass_columns_c, glass_columns_a, minmay_ruptured
D:2:      kennysheep_six_static_rooms, layout_rooms, chequers_decorated_corner,
          minmay_tiny_reverse_x, uniq_jessica
D:3:      layout_loops_ring, xom_teletrap_fun,
          shapermc_ecumenical_altar_notcrosses, uniq_sigmund
D:4:      layout_cave_pools, kennysheep_mini_moat, serial_shops, shop,
          biasface_ghost_orc_armoury, portal_sewer_entry_a, uniq_menkaure,
          uniq_edmund
D:5:      layout_layer_cave, nicolae_elyvilon_temple_path,
          minmay_temple_entry_arrows, serial_rivers,
          chequers_serial_rivers_small_3, chequers_serial_rivers_room_a,
          chequers_serial_rivers_large_a, chequers_serial_rivers_room_b,
          chequers_serial_rivers_room_a
D:6:      layout_loops_ring, yredelemnul_altar_generic, uniq_maggie
D:7:      layout_basic, mainiacjoe_overflow_brackets, grunt_ogre_cave
D:8:      layout_loops_corners, chequers_temple_overflow_statue_of_worship,
          due_lair_maze_entry_diamond, ebering_ghost_inner_flame, uniq_gastronok
D:9:      layout_stronghold, serial_shops, nicolae_shop_rolling_square
D:10:     layout_stronghold, mainiacjoe_overflow_surrounded_room,
          corner_web_ring, minmay_misc_feat_columns, minmay_misc_feat_doors,
          grunt_ministairs_2, nicolae_fountain_basement
Temple:   jpeg_temple_clearing

Skill      XL: |  1  2  3  4  5  6  7  8  9 10 11 |
---------------+----------------------------------+-----
Stealth        | 1 2 3 4 6 7 8 9 |  9.0
Fighting       | 4 5 6 7 8 |  8.4
Unarmed Combat | 4 5 6 |  6.0
Shapeshifting  | 1 2 4 5 9 11 12 | 12.4
Armour         | |  1.5
Dodging        | |  1.5

Action                     |  1- 3 |  4- 6 |  7- 9 | 10-12 || total
---------------------------+-------+-------+-------+-------++-------
  Melee: Unarmed           |   121 |   132 |   324 |   184 ||   761
         Punch             |     4 |     2 |     7 |     6 ||    19
         Maw               |       |       |       |    53 ||    53
         Long sword        |       |       |       |    57 ||    57
  Throw: Dart              |     2 |     2 |     4 |    10 ||    18
         Throwing net      |       |       |     3 |     1 ||     4
 Invoke: Berserk           |     2 |     5 |    11 |    14 ||    32
         Trog's Hand       |       |       |     4 |     3 ||     7
Ability: Spit Poison       |     2 |     4 |     5 |     4 ||    15
  Evoke: Wand              |       |       |     1 |     2 ||     3
    Use: Scroll            |       |       |    11 |     5 ||    16
         Potion            |       |       |     3 |     1 ||     4
   Stab: Sleeping          |     9 |     5 |     9 |     4 ||    27
         Distracted        |       |       |     1 |       ||     1
         Held in net/web   |       |       |     1 |       ||     1
 Armour: Animal skin       |    55 |    97 |    24 |       ||   176
         Troll leather arm |       |       |   228 |       ||   228
         Steam dragon scal |       |       |    63 |    60 ||   123
         Skin              |       |       |       |   231 ||   231
  Dodge: Dodged            |    31 |    71 |   153 |   178 ||   433
   Form: Beast             |       |     1 |       |       ||     1
         Maw               |       |       |       |     1 ||     1

Table legend: (Time is in decaauts)
 A = Elapsed time spent in this place.
 B = Non-inter-level travel time spent in this place.
 C = Inter-level travel time spent in this place.
 D = Time resting spent in this place.
 E = Time spent auto-exploring this place.
 F = Levels seen in this place.
 G = Mean time per level.
                   A        B        C        D        E       F      G
               +--------+--------+--------+--------+--------+-----+--------+
         Total |  15128 |  14677 |    451 |   2207 |   9629 |  12 | 1260.7 |
       Dungeon |  14817 |  14366 |    451 |   2163 |   9465 |  10 | 1481.7 |
        Temple |      1 |      1 |      0 |      0 |      0 |   1 |    1.0 |
         Sewer |    309 |    309 |      0 |     44 |    164 |   1 |  309.0 |
               +--------+--------+--------+--------+--------+-----+--------+

Top non-repeatable levels by time:
     D:7: 2266 daAuts
     D:8: 2149 daAuts
     D:5: 2077 daAuts
     D:9: 1919 daAuts
     D:1: 1581 daAuts
     D:2: 1332 daAuts
     D:6: 1232 daAuts
     D:3: 1222 daAuts
     D:4: 1026 daAuts
   Sewer: 309 daAuts
    D:10: 8 daAuts
  Temple: 1 daAuts
